 Dungeon Crawl Stone Soup version 0.21.0-24-g2553a33 (webtiles) character file.

51298 Mgcat the Warrior (level 14, -1/123 HPs)
             Began as a Demonspawn Arcane Marksman on Jan 19, 2018.
             Was a High Priest of Trog.
             Incinerated by a smoke demon (6 damage)
             ... with a sticky flame
             ... on level 2 of the Abyss.
             The game lasted 01:06:29 (21347 turns).

Mgcat the Warrior (Demonspawn Arcane Marksman)     Turns: 21347, Time: 01:06:30

Health: -1/123     AC: 21    Str: 22    XL:     14   Next: 22%
Magic:  15/15      EV: 11    Int: 19    God:    Trog [*****.]
Gold:   959        SH:  0    Dex: 15    Spells: 14/15 levels left

rFire    . . .     SeeInvis .   i - +4 battleaxe "Ucitifo" {freeze, Str+4}
rCold    + + .     Gourm    .   (shield currently unavailable)
rNeg     + . .     Faith    .   Q - +6 ice dragon scales of the Onion {*Corrode rElec rF- rC++ rN+ Int+3}
rPois    .         Spirit   .   (helmet unavailable)
rElec    +         Reflect  .   y - +1 cloak {MR+}
rCorr    .         Harm     .   (no gloves)
MR       ++...                  (no boots)
Stlth    +.........             r - amulet of regeneration
HPRegen  0.70/turn              U - +5 ring of strength
MPRegen  0.14/turn              L - ring of protection from fire

@: liquid flames, about to teleport, corroded, glowing
A: horns 3, iridescent scales 2, nightstalker 2, rot immunity
a: Berserk, Trog's Hand, Brothers in Arms, Burn Spellbooks, Renounce Religion


You were on level 2 of the Abyss.
You worshipped Trog.
Trog was extremely pleased with you.
You were not hungry.

You visited 2 branches of the dungeon, and saw 18 of its levels.
You visited the Abyss 1 time.
You also visited: Ossuary and Ice Cave.

You collected 1421 gold pieces.
You spent 462 gold pieces at shops.

Inventory:

Hand Weapons
 a - a +0 hand crossbow
 h - a +5 antimagic executioner's axe
 i - the +4 battleaxe "Ucitifo" (weapon) {freeze, Str+4}
   (You found it on level 6 of the Lair of Beasts)

   It has been specially enchanted to freeze those struck by it, causing extra
   injury to most foes and up to half again as much damage against particularly
   susceptible opponents.
   It can also slow down cold-blooded creatures.
   It affects your strength (+4).
 H - a +1 war axe of electrocution
 R - a +3 mace of freezing
Missiles
 d - 166 bolts
Armour
 v - a +2 cloak of poison resistance
 w - the +0 scale mail "Weejyzel" {MR+ rCorr Int+2}
   (You found it on level 2 of the Abyss)

   It affects your intelligence (+2).
   It affects your resistance to hostile enchantments.
   It protects you from acid and corrosion.
 y - a +1 cloak of magic resistance (worn)
 Q - the +6 ice dragon scales of the Onion (worn) {*Corrode rElec rF- rC++ rN+ Int+3}
   (You found it in an ice cave)

   It affects your intelligence (+3).
   It makes you vulnerable to fire.
   It greatly protects you from cold.
   It insulates you from electricity.
   It protects you from negative energy.
   It may corrode you when you take damage.
 V - a +0 buckler
Jewellery
 m - an uncursed ring of see invisible
 r - an amulet of regeneration (around neck)
 L - a ring of protection from fire (right hand)
 P - an uncursed ring of positive energy
 U - a +5 ring of strength (left hand)
Wands
 c - a wand of iceblast (16)
 p - a wand of polymorph (10)
 q - a wand of acid (24)
 M - a wand of digging (6)
 N - a wand of scattershot (5)
Scrolls
 j - 5 scrolls of remove curse
 n - 7 scrolls of identify
 o - 9 scrolls of teleportation
 s - a scroll of fog
 t - a scroll of torment {unknown}
 u - 5 scrolls of enchant armour
 I - 3 scrolls of fear
 J - 2 scrolls of enchant weapon
 S - a scroll of magic mapping
 W - 2 scrolls of blinking
Potions
 b - 3 potions of cancellation
 e - 7 potions of agility
 g - 4 potions of curing
 k - a potion of invisibility
 z - a potion of haste
 C - 3 potions of might
 E - 3 potions of mutation
 F - 2 potions of flight
 Z - a potion of resistance
Comestibles
 f - 34 rations


   Skills:
 + Level 15.2 Fighting
 + Level 13.4(13.6) Axes
 - Level 3.9(9.7) Maces & Flails
 - Level 1.7 Crossbows
 + Level 9.3 Armour
 + Level 2.6 Dodging
 - Level 5.0 Shields
 - Level 1.0 Spellcasting
 - Level 3.0 Hexes


You had 14 spell levels left.
You knew the following spells:

 Your Spells              Type           Power        Failure   Level  Hunger
a - Corona                Hex            ##.....      14%         1    ##.....


Dungeon Overview and Level Annotations

Branches:
Dungeon (12/15)            Temple (0/1) D:7            Lair (6/6) D:9
 Shoals (0/4) Lair:2       Spider (0/4) Lair:4        Slime (0/5) Lair:6
    Orc: D:9-12

Altars:
Elyvilon
Fedhas
Kikubaaqudgha
Nemelex Xobeh
Okawaru
Ru
Trog
Uskayaw
Zin

Shops:
D:4 =   D:5 [*!

Annotations:
D:12 Psyche


Innate Abilities, Weirdness & Mutations

You have a pair of large horns on your head.
You are mostly covered in iridescent scales. (AC +4)
You are significantly more attuned to the shadows.
You are immune to rotting.


Message History

The thrashing horror tramples you.
* * * LOW HITPOINT WARNING * * *
You hold your ground!
The thrashing horror tramples you but does no damage.
Unknown command.
Unknown command.
You feel better.
You are covered in liquid flames!
* * * LOW HITPOINT WARNING * * *
The thrashing horror roars!
The thrashing horror tramples you but does no damage. x2
The smoke demon gestures at you. Something smites you!
* * * LOW HITPOINT WARNING * * *
The large abomination barely misses you.
Unknown command.
Unknown command.
Unknown command.
You are covered in liquid flames!
You die...

## # # # . . .
. .# ... ## ##
. ### #.. .#
######..# # # .
.## # #.3.@.# X
.. # ....
#..#X##X.# #
..... #. .
.##.#..##.# #..
. . . .. #..
.....#####.X .
. ..
...........
.3..#. .... #
##.............
# .. .#
.............
... 3 # ######
.### ... ..
.... ....##.


You could see a thrashing horror, a large abomination and a smoke demon.

Vanquished Creatures
  Gastronok (D:12)
  Fannar (D:12)
  A hydra (Lair:5)
  A two-headed ogre (D:9)
  4 death yaks
  Sonja (Lair:1)
  3 oklob plants
  3 ugly things
  Maurice (D:10)
  A cyclops (D:12)
  A merfolk siren (Lair:2)
  6 black mambas
  A smoke demon (Abyss:2)
  3 ice statues (IceCv)
  27 spiny frogs
  6 komodo dragons
  A rime drake (Lair:6)
  A troll (D:12)
  The ghost of zkyp the Slasher, an amateur MiGl (D:4)
  A queen bee (Lair:1)
  3 jumping spiders (Lair:4)
  3 tyrant leeches (Lair:6)
  A hornet (D:8)
  30 blink frogs
  10 hippogriffs
  Sigmund (D:2)
  5 redbacks (Lair:4)
  A spriggan (Lair:4)
  A vampire (D:9)
  2 wyverns
  A fire elemental (Lair:4)
  A small abomination (Abyss:2)
  Grum (D:8)
  A hungry ghost (D:12)
  13 yaks
  A basilisk (Lair:1)
  8 vampire mosquitoes
  A soldier ant (D:11)
  3 insubstantial wisps (D:11)
  An acid dragon (D:11)
  8 water moccasins
  11 porcupines
  7 ice beasts
  3 black bears
  5 orc warriors
  A sky beast (D:7)
  A necrophage (D:10)
  5 ogres
  29 wolves
  4 centaurs
  14 crocodiles
  2 big kobolds
  33 bullfrogs
  2 scorpions
  28 killer bees
  2 electric eels (Lair:6)
  3 wights (D:11)
  2 howler monkeys
  2 quasits
  2 lava snakes (Lair:4)
  5 crimson imps
  A human zombie (Ossuary)
  2 bullfrog zombies
  2 centaur zombies
  5 orc priests
  5 hounds
  4 jellies
  Ijyb (D:3)
  3 bullfrog skeletons (D:4)
  3 iguanas
  9 worker ants
  12 orc wizards
  2 hound zombies
  4 hound skeletons
  3 mummies (Ossuary)
  A worker ant zombie (D:11)
  15 adders
  13 gnolls
  2 howler monkey skeletons
  A river rat (D:9)
  4 shadow imps
  12 white imps (D:11)
  5 oozes (D:8)
  5 adder zombies
  4 worms
  2 dart slugs
  4 leopard geckos
  35 orcs
  A ball python (D:3)
  5 giant cockroaches
  3 gnoll zombies (Ossuary)
  7 goblins
  8 hobgoblins
  19 jackals
  41 kobolds
  6 quokkas
  11 bats
  5 frilled lizards
  3 goblin zombies
  6 hobgoblin zombies (Ossuary)
  5 jackal zombies (Ossuary)
  A leopard gecko zombie (D:6)
  3 orc zombies (Ossuary)
  3 quokka zombies (Ossuary)
  9 rats
  3 rat zombies
  4 fungi
  9 plants
633 creatures vanquished.

Vanquished Creatures (others)
  A quokka (D:9)
  A fire vortex (Lair:4)
  9 fungi
  36 plants
47 creatures vanquished.

Grand Total: 680 creatures vanquished

Notes
Turn   | Place    | Note
-------+----------+-------------------------------------------
     0 | D:1      | Mgcat the Demonspawn Arcane Marksman began the quest for the Orb.
     0 | D:1      | Reached XP level 1. HP: 15/15 MP: 2/2
   365 | D:1      | Reached skill level 2 in Fighting
   465 | D:1      | Gained mutation: You are partially covered in iridescent scales. (AC +2) [demonic ancestry]
   465 | D:1      | Reached XP level 2. HP: 19/22 MP: 3/3
  1183 | D:1      | Gained mutation: You are mostly covered in iridescent scales. (AC +4) [demonic ancestry]
  1183 | D:1      | Reached XP level 3. HP: 26/28 MP: 4/4
  1607 | D:2      | Reached skill level 3 in Fighting
  1607 | D:2      | Reached skill level 1 in Maces & Flails
  1621 | D:2      | Reached XP level 4. HP: 15/35 MP: 5/5
  2673 | D:2      | Noticed Sigmund
  2708 | D:2      | Killed Sigmund
  2708 | D:2      | Reached skill level 4 in Fighting
  2708 | D:2      | Reached XP level 5. HP: 24/43 MP: 6/6
  2708 | D:2      | Gained mutation: You are slightly more attuned to the shadows. [demonic ancestry]
  2708 | D:2      | Reached XP level 6. HP: 27/49 MP: 7/7
  3427 | D:3      | Found a hide-covered altar of Uskayaw.
  3505 | D:3      | Noticed Ijyb
  3542 | D:3      | Killed Ijyb
  3912 | D:3      | Reached skill level 5 in Fighting
  4806 | D:3      | Found a glowing silver altar of Zin.
  4806 | D:3      | Found an ancient bone altar of Kikubaaqudgha.
  4807 | D:3      | Found a bloodstained altar of Trog.
  4814 | D:3      | Became a worshipper of Trog the Wrathful
  5114 | D:4      | Found a sand-covered staircase.
  5121 | Ossuary  | Entered an ossuary
  5256 | Ossuary  | Reached skill level 1 in Axes
  5288 | Ossuary  | Gained mutation: You have a pair of small horns on your head. [demonic ancestry]
  5288 | Ossuary  | Reached XP level 7. HP: 56/56 MP: 8/8
  5296 | Ossuary  | Reached * piety under Trog
  5572 | D:4      | Found Ubauph's Jewellery Shop.
  5800 | D:4      | Reached skill level 6 in Fighting
  6253 | D:4      | Noticed zkyp's ghost (amateur MiGl)
  6266 | D:4      | Killed zkyp's ghost
  6266 | D:4      | Reached skill level 7 in Fighting
  6266 | D:4      | Reached XP level 8. HP: 67/67 MP: 9/9
  6491 | D:4      | Found a sacrificial altar of Ru.
  6683 | D:5      | Entered Level 5 of the Dungeon
  6711 | D:5      | Reached ** piety under Trog
  6829 | D:5      | Found Hittoalot's Antique Armour Boutique.
  6832 | D:5      | Bought a jewelled ring mail for 279 gold pieces
  6842 | D:5      | Identified the +1 ring mail of Asong {rF+ Int+2} (You bought it in a shop on level 5 of the Dungeon)
  7101 | D:5      | Reached skill level 5 in Axes
  7298 | D:5      | Found Hiuwkead's General Store.
  7319 | D:5      | Found Gonuelim's Distillery.
  7322 | D:5      | Bought a potion of degeneration for 11 gold pieces
  7362 | D:5      | Reached skill level 8 in Fighting
  7787 | D:6      | Gained mutation: You have a pair of horns on your head. [demonic ancestry]
  7787 | D:6      | Reached XP level 9. HP: 67/75 MP: 10/10
  8033 | D:6      | Reached *** piety under Trog
  8327 | D:6      | Reached skill level 9 in Fighting
  9203 | D:7      | Reached **** piety under Trog
  9500 | D:7      | Found a staircase to the Ecumenical Temple.
  9978 | D:8      | Noticed Grum
  9995 | D:8      | Reached skill level 10 in Fighting
 10002 | D:8      | Killed Grum
 10128 | D:8      | Reached XP level 10. HP: 86/86 MP: 11/11
 10171 | D:8      | Found a sparkling altar of Nemelex Xobeh.
 10559 | D:9      | Noticed a green ugly thing
 10560 | D:9      | Paralysed by a hornet for 2 turns
 10564 | D:8      | Paralysed by a hornet for 2 turns
 10654 | D:9      | Killed a green ugly thing
 10697 | D:9      | Noticed a two-headed ogre
 10713 | D:9      | Killed a two-headed ogre
 10713 | D:9      | Reached skill level 11 in Fighting
 10817 | D:9      | Received a gift from Trog
 11054 | D:9      | Found a white marble altar of Elyvilon.
 11209 | D:9      | Noticed a death yak
 11209 | D:9      | Noticed a death yak
 11231 | D:9      | Killed a death yak
 11279 | D:9      | Found a staircase to the Lair.
 11279 | D:9      | Noticed a death yak
 11286 | D:9      | Reached skill level 10 in Axes
 11291 | D:9      | Gained mutation: You have a pair of large horns on your head. [demonic ancestry]
 11291 | D:9      | Reached XP level 11. HP: 95/95 MP: 12/12
 11301 | D:9      | Killed a death yak
 11301 | D:9      | Reached skill level 12 in Fighting
 11310 | D:9      | Killed a death yak
 11420 | D:9      | Found an iron altar of Okawaru.
 11609 | D:9      | Found a blossoming altar of Fedhas.
 11751 | D:5      | Bought a +1 war axe of electrocution for 172 gold pieces
 11838 | D:10     | Entered Level 10 of the Dungeon
 12043 | D:10     | Noticed Maurice
 12070 | D:10     | Killed Maurice
 12070 | D:10     | Reached skill level 1 in Armour
 12608 | D:11     | Found a frozen archway.
 12620 | IceCv    | Entered an ice cave
 12675 | IceCv    | Noticed a white ugly thing
 12690 | IceCv    | Killed a white ugly thing
 12880 | IceCv    | Noticed a white ugly thing
 13042 | IceCv    | Killed a brown ugly thing
 13073 | IceCv    | Got faintly glowing ice dragon scales
 13084 | IceCv    | Identified the +6 ice dragon scales of the Onion {*Corrode rElec rF- rC++ rN+ Int+3} (You found it in an ice cave)
 13208 | D:11     | Reached skill level 13 in Fighting
 13799 | Lair:1   | Entered Level 1 of the Lair of Beasts
 14003 | Lair:1   | Noticed Sonja
 14060 | D:9      | HP: 3/98 [wolf (4)]
 14170 | Lair:1   | Gained mutation: You are immune to rotting. [demonic ancestry]
 14170 | Lair:1   | Reached XP level 12. HP: 105/105 MP: 13/13
 14180 | Lair:1   | Killed Sonja
 14333 | Lair:1   | Reached skill level 5 in Armour
 14620 | Lair:1   | Got a crude mace
 14649 | Lair:1   | Identified the cursed +0 mace of Leifez {crush, rC+ MR+ Dex+3} (You found it on level 1 of the Lair of Beasts)
 15545 | Lair:2   | Found a staircase to the Shoals.
 16249 | Lair:3   | Reached skill level 14 in Fighting
 16431 | Lair:3   | Reached skill level 1 in Shields
 17417 | Lair:4   | Reached XP level 13. HP: 113/113 MP: 14/14
 17479 | Lair:4   | Found a hole to the Spider Nest.
 17482 | Lair:4   | Reached ***** piety under Trog
 18709 | Lair:6   | Entered Level 6 of the Lair of Beasts
 19081 | Lair:6   | Received a gift from Trog
 19165 | Lair:6   | Reached skill level 5 in Shields
 19340 | Lair:6   | Found a staircase to the Slime Pits.
 19353 | Lair:6   | Reached skill level 15 in Fighting
 19483 | Lair:6   | Reached ****** piety under Trog
 19517 | Lair:6   | Gained mutation: You are significantly more attuned to the shadows. [demonic ancestry]
 19517 | Lair:6   | Reached XP level 14. HP: 123/123 MP: 15/15
 19548 | Lair:6   | Received a gift from Trog
 19877 | Lair:6   | Got a brightly glowing battleaxe
 19891 | Lair:6   | Identified the +4 battleaxe "Ucitifo" {freeze, Str+4} (You found it on level 6 of the Lair of Beasts)
 20761 | D:12     | Noticed Gastronok
 20771 | D:12     | Killed Gastronok
 20895 | D:12     | Noticed Fannar
 20937 | D:12     | Killed Fannar
 21027 | D:12     | Noticed Psyche
 21031 | D:12     | Cast into level 2 of the Abyss (Psyche)
 21083 | Abyss:2  | Noticed a balrug
 21108 | Abyss:2  | Found a corrupted altar of Lugonu.
 21165 | Abyss:2  | Got a pitted scale mail
 21182 | Abyss:2  | Identified the cursed +0 scale mail "Weejyzel" {MR+ rCorr Int+2} (You found it on level 2 of the Abyss)
 21346 | Abyss:2  | HP: 5/123 [smoke demon/divine providence (8)]
 21347 | Abyss:2  | Incinerated by a smoke demon

Skill      XL: |  1  2  3  4  5  6  7  8  9 10 11 12 13 14 |
---------------+-------------------------------------------+-----
Fighting       | 2 3 4 5 7 8 10 11 13 14 15 | 15.2
Maces & Flails | 1 3 |  3.9
Axes           | 1 4 6 8 10 11 12 13 | 13.4
Armour         | 4 7 9 |  9.3
Shields        | 2 5 |  5.0
Dodging        | 2 |  2.6
Crossbows      | |  1.7
Spellcasting   | |  1.0
Hexes          | |  3.0

Action                   |  1- 3 |  4- 6 |  7- 9 | 10-12 | 13-15 || total
-------------------------+-------+-------+-------+-------+-------++-------
Melee: Dagger            |   141 |   197 |       |       |       ||   338
       Hand crossbow     |    31 |       |       |       |       ||    31
       Spear             |       |   485 |       |       |       ||   485
       Hand axe          |       |   115 |   794 |   277 |       ||  1186
       Club              |       |    90 |       |       |       ||    90
       Headbutt          |       |       |   138 |   164 |    99 ||   401
       War axe           |       |       |       |   543 |   297 ||   840
       Mace              |       |       |       |    36 |    10 ||    46
       Battleaxe         |       |       |       |       |    80 ||    80
       Executioner's axe |       |       |       |       |     8 ||     8
 Fire: Hand crossbow     |    32 |    30 |       |       |       ||    62
Invok: Berserk           |       |       |     8 |    22 |     9 ||    39
       Trog's Hand       |       |       |     4 |    19 |     5 ||    28
       Burn Spellbooks   |       |       |     2 |     1 |     1 ||     4
       Brothers in Arms  |       |       |       |       |     1 ||     1
 Abil: Evoke Flight      |       |       |       |     1 |       ||     1
Evoke: Wand              |       |       |       |     9 |       ||     9
  Use: Scroll            |       |     5 |     9 |    20 |     9 ||    43
       Potion            |       |       |     1 |     4 |     6 ||    11
 Stab: Sleeping          |       |       |     4 |       |       ||     4
       Invisible         |       |       |       |     3 |       ||     3
  Eat: Chunk             |     2 |    10 |    19 |    33 |    11 ||    75
       Ration            |       |     1 |     2 |     6 |     4 ||    13
Armor: Scale mail        |   125 |       |       |       |       ||   125
       Robe              |    23 |       |       |       |       ||    23
       Plate armour      |    29 |   787 |   284 |       |       ||  1100
       Ring mail         |       |       |   262 |   179 |       ||   441
       Ice dragon scales |       |       |       |   379 |   286 ||   665
Dodge: Dodged            |   148 |   105 |   360 |   464 |   179 ||  1256
Block: Buckler           |       |       |       |    16 |    51 ||    67
